 Dungeon Crawl Stone Soup version 0.29.1-13-g9f3cf754e1 (webtiles) character file.

Game seed: 6185791289835246672

96 croobank the Conjurer (level 4, -1/28 HPs)
             Began as an Octopode Conjurer on Feb 1, 2023.
             Slain by Blork the orc
             ... wielding a +2 short sword of venom
              (4 damage)
             ... on level 4 of the Dungeon.
             The game lasted 00:06:36 (2677 turns).

croobank the Conjurer (Octopode Conjurer)           Turns: 2677, Time: 00:06:36

Health: -1/28      AC:  1    Str:  6    XL:     4   Next: 67%
Magic:  7/7        EV: 13    Int: 22    God:
Gold:   89         SH:  0    Dex: 10    Spells: 2/8 levels left

rFire   . . .      SeeInvis .   c - +1 dagger (protect)
rCold   . . .      Faith    .   (no shield)
rNeg    . . .      Spirit   .   (helmet restricted)
rPois   .          Reflect  .   (no amulet)
rElec   .          Harm     .   (no ring)
rCorr   .          Rampage  .   (no ring)
Will    .....                   (no ring)
Stlth   +++.......              (no ring)
HPRegen 0.09/turn               (no ring)
MPRegen 0.10/turn               (no ring)
                                (no ring)
                                (no ring)

@: about to teleport
A: almost no armour, amphibious, 8 rings, camouflage 1, gelatinous body 1,
(nimble swimmer 1), tentacles
a: no special abilities


You were on level 4 of the Dungeon.
You visited 1 branch of the dungeon, and saw 4 of its levels.

You collected 89 gold pieces.

Inventory:

Hand Weapons
 c - a +1 dagger of protection (weapon)
 h - a +0 war axe
Scrolls
 e - 2 scrolls of fog
Potions
 b - 4 potions of flight
 f - a potion of mutation


   Skills:
 * Level 1.3 Fighting
 + Level 2.6 Dodging
 + Level 3.8 Stealth
 + Level 2.5 Spellcasting
 + Level 4.4 Conjurations
 + Level 0.9 Hexes


You had 2 spell levels left.
You knew the following spells:

 Your Spells              Type           Power      Damage    Failure   Level
a - Magic Dart            Conj           88%        1d7       2%          1
b - Searing Ray           Conj           44%        2d6       3%          2
c - Dazzling Flash        Conj/Hex       28%        N/A       13%         3

Your spell library contained the following spells:

 Spells                   Type           Power      Damage    Failure   Level
 Fulminant Prism          Conj/Hex       7%         3d7       41%         4
 Iskenderun's Mystic Bla  Conj/Tloc      12%        2d5       45%         4


Dungeon Overview and Level Annotations

Branches:
Dungeon (4/15)
 Temple: D:4-7

Altars:
Ashenzari

Annotations:
D:4 Blork the orc


Innate Abilities, Weirdness & Mutations

You cannot wear most types of armour.
You are amphibious.
You can wear up to eight rings at the same time.
Your skin changes colour to match your surroundings (Stealth+).
Your rubbery body absorbs attacks. (AC +1, EV +1)
((You are camouflaged when in or above water. (Stealth+)))
You have tentacles for arms and can constrict up to eight enemies at once.


Message History

Found a stone staircase leading down.
There is a stone staircase leading down here.
You climb downwards.
Reactivating autopickup.
There is a stone staircase leading up here.
You start resting.
Your extra speed is starting to run out.
You start resting.
You feel yourself slow down.
You start resting.
You feel a little less clever now.
You start resting.
HP restored.
Okay, then.
Found a scroll of fog.
Found a stone staircase leading down.
Found an escape hatch in the floor.
e - 3 scrolls of fog (gained 1) Blork the orc comes into view.
He is wielding a +2 short sword of venom and carrying a wand of light (4).
Blork the orc shouts!
Blork the orc gestures at you while chanting.
The puff of flame hits you!
As you read the scroll of fog, it crumbles to dust.
The scroll dissolves into smoke.
Blork the orc screams, "I'll make a cloak from your skin!"
As you read the scroll labelled LALACU IKAZUG, it crumbles to dust.
The creatures around you are filled with an inner flame!
It was a scroll of immolation.
Okay, then.
As you read the scroll labelled HIOFIE JEUC, it crumbles to dust.
Your body is wracked with pain!
Blork the orc convulses!
Flame seeps out of Blork the orc.
It was a scroll of torment.
Blork the orc barely misses you. Blork the orc attacks as you move away!
Blork the orc misses you.
Blork the orc hits you with a +2 short sword of venom!
* * * LOW HITPOINT WARNING * * *
As you read the scroll labelled TYURPH GUMEO, it crumbles to dust.
You feel strangely unstable.
It was a scroll of teleportation.
Blork the orc hits you with a +2 short sword of venom.
You die...

#...### ##......
##.....# #
##......#.##
######..........
#...........##.#
#.####.......#.#
####.#####....§§..#
#......####@.§§§..###.
#........##.o§§§§.....
#..#.#.#.##.§§§§§.....
#..#...# ###§§§§§.###.
#..##..#.# #§§§§#.#
#......#.# #..>...#
##.......# #....>#
####..### #.....# ##.#
#.....#


You could see Blork the orc (inner flame).

Vanquished Creatures
  An orc wizard (D:3)
  2 adders
  A worm (D:2)
  A dart slug (D:2)
  An orc (D:3)
  3 bats
  4 endoplasms
  6 goblins
  3 hobgoblins
  4 jackals (D:2)
  3 kobolds
  3 quokkas
  5 ball pythons
  3 frilled lizards
  5 rats
45 creatures vanquished.

Notes
Turn   | Place    | Note
-------+----------+-------------------------------------------
     0 | D:1      | croobank the Octopode Conjurer began the quest for the Orb.
     0 | D:1      | Reached XP level 1. HP: 11/11 MP: 3/3
   449 | D:1      | Reached XP level 2. HP: 17/17 MP: 5/5
  1347 | D:2      | Reached XP level 3. HP: 21/21 MP: 6/6
  1350 | D:2      | Learned a level 2 spell: Searing Ray
  1354 | D:2      | Learned a level 3 spell: Dazzling Flash
  1856 | D:2      | Found a broken altar of Ashenzari.
  2147 | D:2      | Reached XP level 4. HP: 26/27 MP: 3/7
  2292 | D:3      | Reached skill level 1 in Fighting
  2385 | D:4      | Noticed a kobold brigand
  2667 | D:4      | Noticed Blork the orc
  2677 | D:4      | Slain by Blork the orc

Illustrated notes

Levels and vault maps discovered:
D:1:      dpeg_arrival_chambers_temple_mockup, layout_basic
D:2:      layout_rooms, basic_altar
D:3:      layout_loops_corners, amcnicky_altar_gilded, kiku_gazebo_pond_becter
D:4:      layout_loops_cross, kennysheep_mini, uniq_crazy_yiuf_cottage,
          uniq_blork_the_orc

Skill      XL: |  1  2  3  4 |
---------------+-------------+-----
Stealth        | 3 |  3.8
Fighting       | 1 |  1.3
Dodging        | |  2.6
Spellcasting   | |  2.5
Conjurations   | |  4.4
Hexes          | |  0.9

Action                   |  1- 3 |  4- 6 || total
-------------------------+-------+-------++-------
Melee: Dagger            |    57 |    16 ||    73
       Constrict         |     9 |     1 ||    10
       Tentacles         |     8 |     3 ||    11
 Cast: Magic Dart        |    13 |     6 ||    19
       Searing Ray       |     5 |     2 ||     7
  Use: Scroll            |     5 |     4 ||     9
       Potion            |       |     3 ||     3
 Stab: Sleeping          |     9 |       ||     9
Armor: Skin              |     9 |     4 ||    13
Dodge: Dodged            |    19 |    14 ||    33
